 Dungeon Crawl Stone Soup version 0.24.1-8-ga250c9d538 (webtiles) character file.

Game seed: 5871614322491073848, levelgen mode: deterministic

74 Hugehornet the Changer (level 4, 0/28 HPs)
             Began as an Octopode Transmuter on May 3, 2020.
             Slain by a goblin
             ... wielding a +0 club
              (4 damage)
             ... on level 2 of the Dungeon.
             The game lasted 00:01:47 (1745 turns).

Hugehornet the Changer (Octopode Transmuter)        Turns: 1745, Time: 00:01:48

Health: 0/28       AC:  1    Str:  9    XL:     4   Next: 28%
Magic:  7/7        EV: 13    Int: 16    God:
Gold:   67         SH:  0    Dex: 12    Spells: 4/7 levels left

rFire    . . .     SeeInvis .     - Unarmed
rCold    . . .     Gourm    .   (no shield)
rNeg     . . .     Faith    .   (helmet restricted)
rPois    .         Spirit   .   (no amulet)
rElec    .         Reflect  .   (no ring)
rCorr    .         Harm     .   (no ring)
MR       .....                  (no ring)
Stlth    ++........             (no ring)
HPRegen  0.09/turn              (no ring)
MPRegen  0.10/turn              (no ring)
                                (no ring)
                                (no ring)

@: appendage (expiring)
A: almost no armour, stealthy swim, amphibious, 8 rings, constrict 8, tentacle
spike 3, camouflage 1, gelatinous body 1
a: End Transformation


You were on level 2 of the Dungeon.
You were not hungry.
One of your tentacles had a temporary spike.
You visited 1 branch of the dungeon, and saw 2 of its levels.

You collected 67 gold pieces.

Inventory:

Missiles
 a - 12 arrows
Scrolls
 b - a scroll of fear {unknown}
 e - a scroll of identify {unknown}
 f - a scroll of noise {unknown}
 h - a scroll of enchant weapon {unknown}
Potions
 d - a potion of heal wounds {unknown}
 g - a potion of agility {unknown}
 i - a potion of curing {unknown}
Comestibles
 c - 5 rations


   Skills:
 - Level 1.0 Fighting
 - Level 2.0 Dodging
 - Level 3.0 Unarmed Combat
 - Level 2.0 Spellcasting
 + Level 4.4 Transmutations


You had 4 spell levels left.
You knew the following spells:

 Your Spells              Type           Power        Failure   Level  Hunger
a - Beastly Appendage     Tmut           ###...       3%          1    #......
b - Sticks to Snakes      Tmut           ###.....     4%          2    ###....

Your spell library contained the following spells:

 Spells                   Type           Power        Failure   Level  Hunger
 Spider Form              Tmut/Pois      #.........   26%         3    ###....
 Ice Form                 Ice/Tmut       #.......     63%         4    #####..
 Blade Hands              Tmut           ###.......   67%         5    ######.


Dungeon Overview and Level Annotations

Branches:
Dungeon (2/15)

Altars:


Innate Abilities, Weirdness & Mutations

You cannot wear most types of armour.
You are very stealthy in the water. (Stealth+)
You are amphibious.
You can wear up to eight rings at the same time.
You can use your tentacles to constrict eight enemies at once.
Your skin changes colour to match your surroundings (Stealth+).
Your rubbery body absorbs attacks. (AC +1, EV +1)
One of your tentacles bears a large vicious spike.


Message History

The adder is almost dead.
The jackal misses you. The adder bites you. The jackal barely misses you.
The jackal bites you but does no damage.
You are too injured to fight recklessly!
You are too injured to fight recklessly!
You miss the adder. Your grab misses the adder.
The adder is almost dead.
The adder barely misses you.
The jackal bites you. x2; The adder bites you.
You tentacle-slap the adder.
You kill the adder!
Your transformation is almost over.
The jackal bites you.
* * * LOW HITPOINT WARNING * * *
The jackal closely misses you. The jackal barely misses you.
You closely miss the jackal. You grab the jackal. You squeeze the jackal.
You kill the jackal!
The jackal bites you.
* * * LOW HITPOINT WARNING * * *
The goblin hits you with a +0 club.
You die...

...........##
............#
............#
............#
............#
............#
......g†h..# ###
.......@..# #..
#####...######## #..
###......##.#### ##.
#........##....#####÷
#........###.........
#...............>....
##..........######..#.
#.....###.....###...#.
#...<.###...#.##..#.##


You could see a jackal and a goblin.

Vanquished Creatures
  3 adders (D:2)
  An ooze (D:2)
  2 dart slugs (D:1)
  2 leopard geckos (D:2)
  2 giant cockroaches (D:1)
  2 goblins
  3 hobgoblins
  A jackal (D:2)
  6 bats
  4 frilled lizards
  5 kobolds
  9 rats
40 creatures vanquished.

Notes
Turn   | Place    | Note
-------+----------+-------------------------------------------
     0 | D:1      | Hugehornet the Octopode Transmuter began the quest for the
                  | Orb.
     0 | D:1      | Reached XP level 1. HP: 13/13 MP: 3/3
   288 | D:1      | Reached XP level 2. HP: 7/18 MP: 3/5
   747 | D:1      | Reached skill level 3 in Transmutations
  1017 | D:1      | Learned a level 2 spell: Sticks to Snakes
  1040 | D:2      | Reached XP level 3. HP: 18/23 MP: 4/6
  1256 | D:2      | Reached skill level 4 in Transmutations
  1565 | D:2      | Found a faded altar of an unknown god.
  1593 | D:2      | Reached XP level 4. HP: 27/28 MP: 7/7
  1745 | D:2      | Slain by a goblin

Levels and vault maps discovered:
D:1:      dpeg_arrival_pond, layout_rooms, serial_bayou_pond_a
D:2:      layout_rooms, chequers_ecumenical_altar_simple, minmay_cupped

Skill      XL: |  1  2  3 |
---------------+----------+-----
Transmutations | 3 4 |  4.4
Fighting       | |  1.0
Dodging        | |  2.0
Unarmed Combat | |  3.0
Spellcasting   | |  2.0

Action                   |  1- 3 |  4- 6 || total
-------------------------+-------+-------++-------
Melee: Unarmed           |    80 |    18 ||    98
       Constrict         |    23 |     5 ||    28
       Kick              |    15 |     1 ||    16
       Tentacles         |     9 |     3 ||    12
 Cast: Beastly Appendage |    20 |     4 ||    24
 Stab: Sleeping          |     3 |       ||     3
  Eat: Chunk             |     2 |     1 ||     3
Armor: Skin              |    10 |     1 ||    11
Dodge: Dodged            |    61 |    17 ||    78
